 Dungeon Crawl Stone Soup version 0.30-a0-585-g93115170b9 (webtiles) character file.

Game seed: 11936026579711319588

214370 Zonian the Covert (level 18, -6/102 HPs)
             Began as a Vine Stalker Brigand on Jan 2, 2023.
             Was the Champion of Uskayaw.
             Killed by the raging water
             ... invoked by a water nymph
              (10 damage)
             ... on level 3 of the Shoals on Jan 3, 2023.
             The game lasted 02:02:40 (36511 turns).

Zonian the Covert (Vine Stalker Brigand)           Turns: 36511, Time: 02:02:40

Health: -6/102     AC: 16    Str: 15    XL:     18   Next: 99%
Magic:  0/33       EV: 20    Int: 11    God:    Uskayaw [******]
Gold:   3493       SH: 17    Dex: 23    Spells: 27/37 levels left

rFire   . . .      SeeInvis .    A - +6 short sword (speed)
rCold   + . .      Faith    +    e - +4 kite shield {rC+}
rNeg    . . .      Spirit   +    V - +4 ring mail {rPois}
rPois   +          Reflect  .    Q - +0 hat {Will+}
rElec   +          Harm     .    y - scarf {shadows}
rCorr   .          Rampage  .    W - +1 pair of gloves {hurl}
Will    +++..      Clarity  +    G - +2 pair of boots
Stlth   +++                      j - amulet of faith
HPRegen 1.17/turn                n - +4 ring of slaying
MPRegen 0.23/turn                o - +5 ring of evasion

@: very slow
A: fangs 3, regeneration 1, magic shield, antimagic bite, no potion heal 2,
horns 1, clarity, electricity resistance, MP-powered wands
}: 1/15 runes: gossamer
a: Renounce Religion, Stomp, Line Pass, Grand Finale


You were on level 3 of the Shoals.
You worshipped Uskayaw.
Uskayaw was pleased with you.
You visited 6 branches of the dungeon, and saw 31 of its levels.
You also visited: Gauntlet and Ice Cave.

You collected 5278 gold pieces.
You spent 1785 gold pieces at shops.

Inventory:

Hand Weapons
 A - a +6 short sword of speed (weapon)
 F - a +4 sling of freezing
Missiles
 d - 44 poisoned darts (quivered)
 r - 5 javelins
 K - 5 curare-tipped darts
 L - 4 silver javelins
 X - a throwing net
Armour
 e - a +4 kite shield of cold resistance (worn)
 f - a +0 buckler
 t - a +2 cloak of preservation
 y - a scarf of shadows (worn)
 G - a +2 pair of boots (worn)
 Q - a +0 hat of willpower (worn)
 V - a +4 ring mail of poison resistance (worn)
 W - a +1 pair of gloves of hurling (worn)
Jewellery
 h - a ring of protection from fire
 j - an amulet of faith (around neck)
 n - a +4 ring of slaying (left hand)
 o - a +5 ring of evasion (right hand)
 D - a ring of protection from cold
 J - a ring of see invisible
 M - a +4 ring of protection
Wands
 b - a wand of digging (10)
 k - a wand of mindburst (8)
 s - a wand of flame (37)
 u - a wand of quicksilver (6)
 T - a wand of charming (20)
 Z - a wand of iceblast (6)
Scrolls
 v - 2 scrolls of summoning
 w - 5 scrolls of teleportation
 x - 4 scrolls of magic mapping
 E - a scroll of fear
 N - 2 scrolls of fog
 O - 2 scrolls of poison
 Y - a scroll of silence
Potions
 c - 14 potions of ambrosia
 g - 15 potions of curing
 i - 7 potions of brilliance
 l - 5 potions of resistance
 p - 4 potions of magic
 q - 5 potions of haste
 B - 9 potions of might
 C - 5 potions of flight
 H - 2 potions of cancellation
 P - 3 potions of berserk rage
 S - 3 potions of invisibility
Miscellaneous
 a - a phantom mirror
 m - a condenser vane
 z - a tin of tremorstones (inert)
 R - a lightning rod (3/4)
 U - a phial of floods


   Skills:
 - Level 14.0 Fighting
 - Level 10.0 Short Blades
 - Level 6.1 Throwing
 - Level 8.0 Armour
 - Level 8.0 Dodging
 - Level 14.0 Stealth
 + Level 8.9 Shields
 - Level 10.0 Spellcasting
 - Level 9.5 Necromancy
 + Level 4.8 Air Magic
 - Level 12.0 Invocations
 - Level 10.0 Evocations


You had 27 spell levels left.
You knew the following spells:

 Your Spells              Type           Power      Damage    Failure   Level
a - Vampiric Draining     Necr           26%        2d7       3%          3
b - Dispel Undead         Necr           26%        3d13      11%         4
c - Swiftness             Air            16%        N/A       22%         3

Your spell library contained the following spells:

 Spells                   Type           Power      Damage    Failure   Level
 Necrotise                Necr           100%       1d9       1%          1
 Kiss of Death            Conj/Necr      64%        2d10      8%          1
 Poisonous Vapours        Pois/Air       20%        N/A       30%         2
 Apportation              Tloc           10%        N/A       47%         1
 Slow                     Hex            20%        N/A       47%         1
 Sting                    Tmut/Pois      20%        1d4       47%         1
 Summon Small Mammal      Summ           20%        N/A       47%         1
 Anguish                  Hex/Necr       8%         N/A       58%         4
 Call Imp                 Summ           5%         N/A       63%         2
 Ensorcelled Hibernation  Hex/Ice        10%        N/A       63%         2
 Passwall                 Tmut/Erth      4%         N/A       63%         2
 Scorch                   Fire           10%        2d6       63%         2
 Kindle Blastsparks       Fire/Tloc/Air  18%        2d11      63%         3
 Call Canine Familiar     Summ           5%         N/A       85%         3
 Confusing Touch          Hex            5%         N/A       85%         3
 Dazzling Flash           Conj/Hex       10%        N/A       85%         3
 Gell's Gravitas          Tloc           5%         N/A       85%         3
 Hailstorm                Conj/Ice       5%         3d4       85%         3
 Portal Projectile        Hex/Tloc       10%        N/A       85%         3
 Summon Guardian Golem    Hex/Summ       5%         N/A       85%         3
 Teleport Other           Tloc           5%         N/A       85%         3
 Summon Lightning Spire   Summ/Air       10%        N/A       90%         4
 Flame Wave               Conj/Fire      5%         2d5       99%         4
 Fulminant Prism          Conj/Hex       2%         3d5       99%         4
 Ice Form                 Ice/Tmut       5%         N/A       99%         4
 Iskenderun's Mystic Bla  Conj/Tloc      5%         2d3       99%         4
 Leda's Liquefaction      Hex/Erth       2%         N/A       99%         4
 Olgreb's Toxic Radiance  Pois           5%         N/A       99%         4
 Sticky Flame             Conj/Fire      5%         2d3       99%         4
 Fireball                 Conj/Fire      2%         3d4       100%        5
 Iskenderun's Battlesphe  Conj           5%         2d6       100%        5
 Lee's Rapid Deconstruct  Erth           2%         3d5*      100%        5
 Summon Forest            Summ/Tloc      2%         N/A       100%        5
 Yara's Violent Unravell  Hex/Tmut       2%         3d3       100%        5
 Conjure Ball Lightning   Conj/Air       5%         3x3d7     100%        6
 Dispersal                Tloc           2%         N/A       100%        6
 Eringya's Noxious Bog    Tmut/Pois      2%         N/A       100%        6
 Simulacrum               Ice/Necr       8%         N/A       100%        6
 Starburst                Conj/Fire      2%         6d3       100%        6
 Summon Cactus Giant      Summ           2%         N/A       100%        6
 Malign Gateway           Summ/Tloc      2%         N/A       100%        7
 Orb of Destruction       Conj           2%         9d5       100%        7
 Spellforged Servitor     Conj/Summ      2%         N/A       100%        7
 Storm Form               Tmut/Air       5%         N/A       100%        7
 Summon Hydra             Summ           2%         N/A       100%        7
 Discord                  Hex            2%         N/A       100%        8
 Disjunction              Tloc           2%         N/A       100%        8
 Maxwell's Capacitive Co  Air            8%         ∞         100%        8
 Summon Horrible Things   Summ           2%         N/A       100%        8
 Death's Door             Necr           13%        N/A       100%        9


Dungeon Overview and Level Annotations

Branches:
Dungeon (15/15)            Temple (1/1) D:7            Lair (5/5) D:8
 Shoals (4/4) Lair:2       Spider (4/4) Lair:2        Slime (0/5) Lair:4
    Orc (2/2) D:11            Elf (0/3) Orc:2        Vaults (0/5) D:13
 Depths (0/4) D:15          IceCv (visited)         Gauntlet (visited)

Altars:
Ashenzari
Cheibriados
Dithmenos
Elyvilon
Fedhas
Gozag
Kikubaaqudgha
Makhleb
Nemelex Xobeh
Qazlal
Ru
Sif Muna
Trog
Uskayaw
Vehumet
Wu Jian
Xom
Yredelemnul
Zin
Jiyva

Shops:
D:4 :   D:12 ?   Orc:1 [   Orc:2 ([[*   Shoals:2 (=?(=

Annotations:
D:7 2 runed translucent doors
D:8 2 transporters, porpoise's ghost, novice HuHu
D:12 1 runed translucent door
Shoals:1 6 runed translucent doors, Busoho's ghost, adept MiFi; Roxanne
Orc:1 1 runed translucent door, billz999's ghost, journeyman DjIE


Innate Abilities, Weirdness & Mutations

You have razor-sharp teeth.
Your natural rate of healing is unusually fast.
When hurt, damage is shared between your health and your magic reserves.
Your bite disrupts and absorbs the magic of your enemies.
Potions cannot restore your health.
You have a pair of small horns on your head.
You possess an exceptional clarity of mind.
You are resistant to electric shocks. (rElec)
You expend magic power (3 MP) to strengthen your wands.


Message History

Aiming: Throw Flame
Press: ? - help, Shift-Dir - straight line, f - water nymph
Aim: a water nymph (69% to hit)
You feel a surge of power!
The puff of flame hits the water nymph!
The water nymph is moderately wounded.
You are engulfed in a cloud of scalding steam.
* * * LOW HITPOINT WARNING * * *
The water nymph is engulfed in a cloud of scalding steam.
The water nymph casts a spell at you. The water swirls and strikes you!!
* * * LOW HITPOINT WARNING * * *
Okay, then.
Okay, then.
Okay, then.
Press: ? - help, v - describe, . - travel, g - get item
Items here: a +1 trident of freezing; a +1 robe of positive energy; the merfolk corpse of Ilsuiw.
Some shallow water.
There is a cloud of steam here.
Press: ? - help, v - describe, . - travel, g - get item
Items here: a +1 trident of freezing; a +1 robe of positive energy; the merfolk corpse of Ilsuiw.
Some shallow water.
There is a cloud of steam here.
Okay, then.
Okay, then.
Aiming: Mindburst
Press: ? - help, Shift-Dir - straight line, f/p - water nymph
Aim: a water nymph (steam, heavily wounded, chance to affect: 39%)
Okay, then.
Okay, then.
Okay, then.
Okay, then.
Okay, then.
As you read the scroll of fear, it crumbles to dust.
You assume a fearsome visage.
The manticore looks frightened!
The water nymph looks frightened!
You are engulfed in a cloud of scalding steam.
The water nymph is engulfed in a cloud of scalding steam.
The water nymph gestures at you while chanting.
The water swirls and strikes you!
You die...

≈~~~≈≈~~≈ ≈~H~.~..~~~≈≈≈≈
≈≈~~..~.~~≈≈≈≈≈≈≈
≈~~~..~m~~≈≈≈~~~≈
≈~~~~...~~≈≈≈≈~≈≈
~~.....~§~~~..~~
~~...#.))~~....~
~P~....)@~..#
~~~~~.)~≈§~.#
≈~~~~~~~≈≈~>#
≈≈P~...~~~~....~~~
≈P~..###.....~~~~~≈≈≈≈≈≈≈
≈~~.. ##..~~~~~~≈≈≈≈≈≈≈≈
~~... #..~)~~~≈≈≈≈≈≈≈≈≈
P~.. ..~~~~~~≈≈≈≈≈≈≈≈≈
...~~~~~≈≈≈≈~~~~~≈


You could see a manticore (fleeing) and a water nymph (fleeing).

Vanquished Creatures
  Saint Roka (Orc:2)
  Nikola (Spider:3)
  Arachne (Spider:3)
  Rupert (D:14)
  A kraken (Shoals:4)
  Gastronok (Lair:1)
  Polyphemus (Shoals:2)
  Frances (D:13)
  Kirke (D:13)
  Ilsuiw (Shoals:3)
  4 ghost moths
  6 emperor scorpions
  An orc warlord (Orc:1)
  2 reapers (IceCv)
  2 broodmothers (Spider:4)
  A minotaur (Gauntlet)
  A dire elephant (D:15)
  A deep elf annihilator (D:12)
  2 spark wasps (Spider:4)
  Snorg (D:13)
  3 merfolk impalers
  5 entropy weavers
  3 merfolk javelineers (Shoals:3)
  8 hydras
  2 catoblepae
  2 jorogumos
  14 centaur warriors
  A caustic shrike simulacrum (IceCv)
  3 radroaches (Spider:4)
  6 boulder beetles
  2 dancing weapons (D:13)
  2 two-headed ogres
  A death knight (D:10)
  A two-headed ogre (shapeshifter) (D:14)
  3 merfolk avatars (Shoals:2)
  A merfolk aquamancer (Shoals:3)
  7 death scarabs (Spider:4)
  A tengu warrior (D:15)
  12 death yaks
  Urug (Lair:4)
  A deep troll earth mage (D:12)
  A large abomination (Gauntlet)
  3 orc high priests (Orc:1)
  A deep elf knight (Orc:1)
  A fire crab (shapeshifter) (D:15)
  6 pharaoh ants
  A skeletal warrior (D:7)
  3 sun moths
  Lodul (D:14)
  A goliath frog (Lair:5)
  3 sea snakes
  3 bog bodies (IceCv)
  6 orb spiders
  2 obsidian statues (IceCv)
  Pikel (D:4)
  3 orc knights (Orc:2)
  5 steelbarb worms
  A broodmother zombie (Spider:4)
  13 wolf spiders
  4 deep elf pyromancers
  A deep elf zephyrmancer (Orc:1)
  7 harpies
  2 orc sorcerers (Orc:1)
  2 ugly things
  3 wolf spider zombies (Spider:4)
  15 fauns
  A salamander (D:15)
  5 cyclopes
  10 manticores
  Maurice (D:9)
  3 moths of wrath
  4 elephants
  12 black mambas
  10 merfolk sirens
  25 cane toads
  Joseph (D:8)
  8 water nymphs
  Psyche (D:8)
  2 unseen horrors
  A gargoyle (D:12)
  2 spectral redbacks (Spider:4)
  A kobold demonologist (D:10)
  A redback zombie (Spider:4)
  4 yaktaurs
  3 torpor snails
  2 rime drakes (Lair:3)
  An efreet (D:10)
  10 komodo dragons
  2 tengu conjurers
  6 demonic crawlers
  5 freezing wraiths
  2 golden dragon simulacra (IceCv)
  3 tyrant leeches (Lair:5)
  A polar bear (Lair:2)
  A troll (shapeshifter) (D:15)
  2 trolls
  A merfolk (shapeshifter) (Gauntlet)
  6 meliai
  7 merfolk
  A queen bee (D:12)
  2 spectral culicivoras (Spider:4)
  3 spectral tarantellas (Spider:4)
  3 wind drakes (Shoals:1)
  2 spectral jumping spiders (Spider:4)
  A tarantella zombie (Spider:4)
  2 hornets
  7 snapping turtles
  24 tarantellas
  16 dream sheep
  20 blink frogs
  A culicivora zombie (Spider:4)
  27 jumping spiders
  A jumping spider zombie (Spider:4)
  Sigmund (D:2)
  25 culicivoras
  3 shadows
  28 yaks
  A vampire (D:10)
  5 wraiths
  3 hogs (D:13)
  8 water elementals
  A basilisk (shapeshifter) (D:13)
  A fire bat (shapeshifter) (D:12)
  3 wyverns
  Grum (D:8)
  2 steam dragons
  2 minotaur simulacra (IceCv)
  16 vampire mosquitoes
  7 basilisks
  47 redbacks
  5 wargs
  3 small abominations (Gauntlet)
  2 acid dragons
  3 hydra simulacra (IceCv)
  25 water moccasins
  4 ettin simulacra (IceCv)
  46 orc warriors
  2 ice beasts
  16 ogres
  2 sky beasts
  2 black bears
  2 alligator simulacra (IceCv)
  A boggart (D:10)
  26 centaurs
  43 wolves
  A phantom (D:4)
  A lemure (D:4)
  Blork the orc (D:4)
  4 kobold brigands
  24 bullfrogs
  9 necrophages
  A gnoll sergeant (D:10)
  3 scorpions
  2 deep troll simulacra (IceCv)
  9 wights
  A lindwurm simulacrum (IceCv)
  41 killer bees
  2 electric eels
  3 howler monkeys
  3 vampire bats (D:3)
  2 hounds
  6 jellies
  10 orc priests
  Crazy Yiuf (D:2)
  Terence (D:2)
  5 iguanas
  28 orc wizards
  7 gnolls
  11 adders
  2 shadow imps
  7 white imps
  5 worms
  3 dart slugs
  61 orcs
  8 ball pythons
  8 bats
  2 bat skeletons (D:3)
  3 bat zombies (D:3)
  8 endoplasms
  2 giant cockroaches
  7 hobgoblins
  6 quokkas
  2 frilled lizards
  10 goblins
  24 kobolds
  10 rats
  3 tentacles (Shoals:4)
1136 creatures vanquished.

Vanquished Creatures (collateral kills)
  A water moccasin (Lair:1)
1 creature vanquished.

Vanquished Creatures (others)
  A wolf spider (Spider:1)
  2 slime creatures
  A jumping spider (Spider:3)
  3 redbacks (Spider:3)
  A white imp (D:5)
  24 fungi
  85 plants
  2 tentacles (Shoals:4)
  2 withered plants (Orc:1)
121 creatures vanquished.

Grand Total: 1258 creatures vanquished

Notes
Turn   | Place    | Note
-------+----------+-------------------------------------------
     0 | D:1      | Zonian the Vine Stalker Brigand began the quest for the
                  | Orb.
     0 | D:1      | Reached XP level 1. HP: 11/11 MP: 2/2
   152 | D:1      | Reached skill level 1 in Dodging
   152 | D:1      | Reached XP level 2. HP: 15/15 MP: 3/3
   192 | D:1      | Reached skill level 5 in Stealth
   420 | D:1      | Reached XP level 3. HP: 18/18 MP: 4/4
   806 | D:2      | Noticed Terence
   816 | D:2      | Killed Terence
   881 | D:2      | Found a faded altar of an unknown god.
   890 | D:2      | Gained mutation: Your natural rate of healing is unusually
                  | fast. [Vine Stalker growth]
   890 | D:2      | Reached XP level 4. HP: 17/23 MP: 5/5
  1152 | D:2      | Found a runed translucent door.
  1153 | D:2      | Noticed Crazy Yiuf
  1160 | D:2      | Killed Crazy Yiuf
  1161 | D:2      | Reached XP level 5. HP: 27/27 MP: 6/6
  1222 | D:2      | Found a radiant altar of Vehumet.
  1228 | D:2      | Noticed Sigmund
  1389 | D:2      | Killed Sigmund
  1390 | D:2      | Reached XP level 6. HP: 32/32 MP: 7/7
  1642 | D:3      | Found an ancient bone altar of Kikubaaqudgha.
  1686 | D:3      | Reached XP level 7. HP: 36/36 MP: 8/8
  2811 | D:4      | Noticed Blork the orc
  2820 | D:4      | Noticed Pikel
  2827 | D:4      | Killed Blork the orc
  2852 | D:4      | Killed Pikel
  2853 | D:4      | Reached skill level 5 in Short Blades
  2853 | D:4      | Gained mutation: You have razor-sharp teeth. [Vine Stalker
                  | growth]
  2853 | D:4      | Reached XP level 8. HP: 35/40 MP: 9/9
  3055 | D:4      | Found Fosysk's Vocational Training.
  3135 | D:4      | Found a bloodstained altar of Trog.
  3160 | D:4      | Found a shimmering blue altar of Sif Muna.
  3165 | D:4      | Got Sif Muna's Papyrus of the Displaced Swarm
  3436 | D:5      | Entered Level 5 of the Dungeon
  3861 | D:5      | Found a white marble altar of Elyvilon.
  3914 | D:5      | Reached skill level 10 in Stealth
  3945 | D:5      | Reached XP level 9. HP: 40/44 MP: 10/10
  4055 | D:5      | Found an opulent altar of Gozag.
  5393 | D:7      | Found a staircase to the Ecumenical Temple.
  5405 | Temple   | Entered the Ecumenical Temple
  5440 | Temple   | Became a worshipper of Uskayaw the Reveller
  5472 | Temple   | Reached * piety under Uskayaw
  5480 | Temple   | Reached ** piety under Uskayaw
  5484 | Temple   | Reached *** piety under Uskayaw
  5489 | Temple   | Reached **** piety under Uskayaw
  5883 | D:7      | Reached XP level 10. HP: 49/49 MP: 11/11
  5920 | D:7      | Reached skill level 10 in Short Blades
  5959 | D:7      | Reached skill level 1 in Invocations
  6058 | D:7      | Found a large runed translucent door.
  6092 | D:7      | Found a large runed translucent door.
  6520 | D:7      | Reached ***** piety under Uskayaw
  6554 | D:7      | Noticed a skeletal warrior
  6560 | D:7      | Found a large runed translucent door.
  6560 | D:7      | Found a large runed translucent door.
  6561 | D:7      | Noticed a manticore
  6611 | D:7      | Got the Incunabulum of Hexes and the Band
  6767 | D:7      | Noticed a cyclops
  6787 | D:7      | Killed a cyclops
  6788 | D:7      | Reached skill level 5 in Fighting
  6925 | D:8      | Found a staircase to the Lair.
  6932 | D:8      | Noticed Grum
  6963 | D:8      | Killed Grum
  7031 | D:8      | Found a burning altar of Makhleb.
  7031 | D:8      | Noticed a blizzard demon
  7103 | D:8      | Noticed a centaur warrior
  7106 | D:8      | Noticed Psyche
  7111 | D:8      | Noticed porpoise's ghost (novice HuHu)
  7120 | D:8      | Found a transporter.
  7123 | D:8      | Found a transporter.
  7209 | D:8      | Reached skill level 5 in Invocations
  7421 | D:8      | Noticed Joseph
  7429 | D:8      | Gained mutation: You have a pair of small horns on your
                  | head. [potion of mutation]
  7429 | D:8      | Gained mutation: You possess an exceptional clarity of
                  | mind. [potion of mutation]
  7429 | D:8      | Gained mutation: You have hidden genetic potential. [potion
                  | of mutation]
  7444 | D:8      | Killed Joseph
  7496 | D:8      | Killed Psyche
  7579 | D:8      | Reached XP level 11. HP: 47/57 MP: 13/16
  7696 | Lair:1   | Entered Level 1 of the Lair of Beasts
  7801 | Lair:1   | You fall into a shaft and drop 1 floor!
  7927 | Lair:2   | Gained mutation: You are resistant to electric shocks.
                  | (rElec) [hidden potential]
  8094 | Lair:1   | Noticed Gastronok
  8875 | Lair:1   | Killed Gastronok
  8876 | Lair:1   | Reached skill level 5 in Dodging
  9095 | Lair:2   | Found a staircase to the Shoals.
  9187 | Lair:2   | Reached XP level 12. HP: 59/64 MP: 19/19
  9242 | Lair:2   | Found a hole to the Spider Nest.
  9860 | Lair:3   | Gained mutation: You expend magic power (3 MP) to
                  | strengthen your wands. [hidden potential]
  9860 | Lair:3   | Lost mutation: You have hidden genetic potential. [hidden
                  | potential expressed]
 10398 | Lair:3   | Noticed a death yak
 10416 | Lair:3   | Killed a death yak
 10489 | Lair:3   | Noticed an eight-headed hydra
 10496 | Lair:3   | Killed an eight-headed hydra
 10738 | Lair:3   | Reached skill level 1 in Spellcasting
 10751 | Lair:3   | Reached ****** piety under Uskayaw
 10754 | Lair:3   | Reached skill level 10 in Fighting
 10808 | Lair:3   | Noticed a six-headed hydra
 10813 | Lair:3   | Noticed a four-headed hydra
 10825 | Lair:3   | Killed a six-headed hydra
 10881 | Lair:3   | Noticed a six-headed hydra
 10896 | Lair:3   | Killed a six-headed hydra
 10897 | Lair:3   | Reached skill level 5 in Spellcasting
 10897 | Lair:3   | Reached XP level 13. HP: 58/72 MP: 14/22
 12110 | Lair:4   | Found a staircase to the Slime Pits.
 12111 | Lair:4   | Found a viscous altar of Jiyva.
 12158 | Lair:4   | Noticed Urug
 12182 | Lair:4   | Killed Urug
 12196 | Lair:3   | Reached skill level 10 in Spellcasting
 12585 | Lair:4   | Reached skill level 1 in Evocations
 13280 | Lair:5   | Entered Level 5 of the Lair of Beasts
 13653 | Lair:5   | Reached skill level 5 in Evocations
 13725 | Lair:5   | Reached XP level 14. HP: 37/77 MP: 21/29
 14414 | Lair:5   | Identified a scroll of acquirement
 14414 | Lair:5   | Acquired 635 gold pieces
 14982 | Lair:5   | Reached skill level 1 in Armour
 15206 | D:7      | Reached skill level 10 in Evocations
 15225 | D:7      | Identified the +2 scale mail of Zesael {rF- rC+ MP+9
                  | Stlth+}
 15411 | D:9      | Found a glowing silver altar of Zin.
 15434 | D:9      | Found a blossoming altar of Fedhas.
 15563 | D:9      | Noticed Maurice
 15577 | D:9      | Killed Maurice
 15816 | D:10     | Entered Level 10 of the Dungeon
 16233 | D:10     | Reached skill level 5 in Armour
 16373 | D:10     | Reached XP level 15. HP: 29/80 MP: 13/30
 16421 | D:10     | Identified the +1 robe "Cokh" {Int+3}
 16529 | D:10     | Found a shadowy altar of Dithmenos.
 16706 | D:11     | Found a staircase to the Orcish Mines.
 17003 | D:11     | Found a gate leading to a gauntlet.
 17014 | D:11     | Identified the +2 robe of Optimism {rElec}
 17052 | Gauntlet | Entered a Gauntlet
 17052 | Gauntlet | Found a runed translucent gate.
 17052 | Gauntlet | Found a transporter.
 17052 | Gauntlet | Found a runed translucent gate.
 17052 | Gauntlet | Found a runed translucent gate.
 17052 | Gauntlet | Found a transporter.
 17066 | Gauntlet | Found a transporter.
 17066 | Gauntlet | Found a transporter.
 17070 | Gauntlet | Found a transporter.
 17070 | Gauntlet | Found a transporter.
 17104 | Gauntlet | Found a transporter.
 17108 | Gauntlet | Found a transporter.
 17172 | Gauntlet | Found a transporter.
 17176 | Gauntlet | Found a transporter.
 17187 | Gauntlet | Found a transporter.
 17204 | Gauntlet | Found a transporter.
 17419 | Gauntlet | Identified the ring of Voar {rN+++ rCorr Int+5 Dex-5}
 18758 | D:12     | Identified the +11 arbalest "Wope" {freeze, MP+9}
 19130 | D:12     | Found Cifoicoz's Magic Scroll Shoppe.
 19149 | D:12     | Bought a scroll of blinking for 105 gold pieces
 19149 | D:12     | Bought a scroll of teleportation for 42 gold pieces
 19149 | D:12     | Bought a scroll of poison for 56 gold pieces
 19258 | D:12     | Learned a level 3 spell: Vampiric Draining
 19386 | D:12     | Found a runed translucent door.
 19395 | D:12     | Reached skill level 1 in Necromancy
 19483 | D:12     | Found a runed translucent door.
 19488 | D:12     | Noticed a frost giant
 19488 | D:12     | Noticed a sphinx
 19490 | D:12     | Identified the +9 plate armour "Luarig" {rPois rF- rC+++
                  | Str-3}
 19991 | D:13     | Noticed Snorg
 20005 | D:13     | Killed Snorg
 20006 | D:13     | Reached skill level 5 in Necromancy
 20152 | D:13     | Noticed Kirke
 20418 | D:13     | Killed Kirke
 20559 | D:13     | Found a gate to the Vaults.
 20701 | D:11     | Learned a level 4 spell: Dispel Undead
 21243 | D:14     | Noticed Frances
 21259 | D:13     | Killed Frances
 21443 | D:14     | Noticed Rupert
 21457 | D:14     | Killed Rupert
 21739 | D:14     | Identified the +3 spear of Unpleasantness {vamp, Fragile
                  | Str+6}
 21794 | D:14     | Reached XP level 16. HP: 85/85 MP: 31/31
 21919 | D:14     | Noticed Lodul
 21934 | D:14     | Killed Lodul
 22090 | D:15     | Entered Level 15 of the Dungeon
 22324 | D:15     | Found a sparkling altar of Nemelex Xobeh.
 22864 | D:15     | Found a staircase to the Depths.
 23613 | Orc:1    | Entered Level 1 of the Orcish Mines
 23706 | Orc:2    | Entered Level 2 of the Orcish Mines
 23777 | Orc:1    | Found Finuur's Antique Armour Emporium.
 23797 | Orc:1    | Found a runed translucent door.
 23799 | Orc:1    | Noticed billz999's ghost (journeyman DjIE)
 23838 | Orc:1    | Bought an embroidered scarf for 256 gold pieces
 23838 | Orc:1    | Bought a pair of glowing gloves for 240 gold pieces
 25435 | Orc:2    | Noticed Saint Roka
 25879 | Orc:2    | Killed Saint Roka
 25976 | Orc:2    | Found Ruuwk's Antique Armour Boutique.
 25976 | Orc:2    | Found Okoy's Armour Emporium.
 25978 | Orc:2    | Found Zistuq's General Store.
 25980 | Orc:2    | Found Caraom's Weapon Shop.
 25986 | Orc:2    | Bought a +1 short sword of electrocution for 246 gold
                  | pieces
 25991 | Orc:2    | Bought a scroll of teleportation for 51 gold pieces
 25991 | Orc:2    | Bought a wand of iceblast (5) for 204 gold pieces
 25991 | Orc:2    | Bought 3 boomerangs of dispersal for 76 gold pieces
 26048 | Orc:2    | Found a staircase to the Elven Halls.
 26354 | Spider:1 | Entered Level 1 of the Spider Nest
 28062 | Spider:2 | Reached XP level 17. HP: 83/94 MP: 23/32
 29207 | Spider:3 | Noticed Nikola
 29220 | Spider:3 | Killed Nikola
 29527 | Spider:3 | Noticed Arachne
 29549 | Spider:3 | Killed Arachne
 29550 | Spider:3 | Reached skill level 1 in Shields
 30317 | Spider:4 | Entered Level 4 of the Spider Nest
 30637 | Spider:4 | Reached skill level 10 in Invocations
 31676 | Spider:4 | Reached skill level 5 in Shields
 31730 | Spider:4 | Reached XP level 18. HP: 64/102 MP: 18/33
 31934 | Spider:4 | Got a gossamer rune of Zot
 32578 | Shoals:1 | Entered Level 1 of the Shoals
 32780 | Shoals:1 | Found a runed translucent gate.
 32780 | Shoals:1 | Found a runed translucent gate.
 32780 | Shoals:1 | Found a runed translucent gate.
 32895 | Shoals:1 | Found a frozen archway.
 32916 | IceCv    | Entered an ice cave
 33424 | IceCv    | Reached skill level 5 in Throwing
 34284 | Shoals:1 | Got the Anthology of Unspeakable Spells and Fire
 34747 | Shoals:2 | Found Dedoemeu's Magic Scroll Boutique.
 34751 | Shoals:2 | Bought a scroll of enchant armour for 127 gold pieces
 34751 | Shoals:2 | Bought a scroll of fear for 68 gold pieces
 34751 | Shoals:2 | Bought a scroll of summoning for 161 gold pieces
 34769 | Shoals:2 | Found Ackoirubb's Jewellery Shoppe.
 34865 | Shoals:2 | Found Ytrakh's Jewellery Shop.
 34928 | Shoals:2 | Found Ysig's Antique Weapon Shop.
 35183 | Shoals:1 | Found a runed translucent gate.
 35183 | Shoals:1 | Found a runed translucent gate.
 35183 | Shoals:1 | Found a runed translucent gate.
 35208 | Shoals:1 | Identified Roxanne's Vellum of the Mountains
 35208 | Shoals:1 | Noticed Roxanne
 35315 | Shoals:1 | Noticed Busoho's ghost (adept MiFi)
 35498 | Shoals:1 | Learned a level 3 spell: Swiftness
 35759 | Shoals:2 | Reached skill level 1 in Air Magic
 35763 | Shoals:2 | Noticed Polyphemus
 35783 | Shoals:2 | Killed Polyphemus
 35846 | Shoals:2 | Found Puossy's Antique Weapon Shoppe.
 35859 | Shoals:2 | Bought a glowing sling for 153 gold pieces
 36448 | Shoals:4 | Entered Level 4 of the Shoals
 36471 | Shoals:3 | Noticed Ilsuiw
 36484 | Shoals:3 | Killed Ilsuiw
 36510 | Shoals:3 | HP: 3/102 [water nymph/the raging water (16)]
 36511 | Shoals:3 | Killed from afar by a water nymph

Illustrated notes

Levels and vault maps discovered:
D:1:      sevenhm_arrival_forest_fort_large_2, layout_basic
D:2:      layout_rooms, shapermc_ecumenical_altar_starsandcircs, basic_altar,
          minmay_tall_x, uniq_crazy_yiuf_cottage, uniq_terence, uniq_sigmund
D:3:      layout_basic, kennysheep_vampire_church, minmay_pentomino_pile
D:4:      layout_basic, nzn_overflow_gifts_of_might_and_magic,
          chequers_serial_rivers_room_b, nicolae_shop_vocational,
          uniq_blork_the_orc, uniq_pikel
D:5:      layout_basic, mainiacjoe_overflow_24_doors,
          nicolae_gozag_cash_rules_everything_around_me, grunt_ministairs_10
D:6:      layout_rooms, hangedman_abyss_or_decor_stabs, kennysheep_another_room
D:7:      layout_gridville, minmay_temple_entry_overgrown,
          minmay_hollow_rounded_squares
D:8:      layout_cave_pools, makhleb_altar_promises_db, david_lair_shrubbed,
          gammafunk_ghost_arena, chequers_arboretum, hellmonk_bongcloud_opening,
          hangedman_decor_opposing, minmay_hedge_maze,
          kennysheep_generic_room_3, uniq_psyche, uniq_grum, uniq_joseph
D:9:      layout_rooms, grunt_temple_overflow_open, uniq_maurice
D:10:     minmay_the_grid_octo_2x2 [minmay_the_grid_octo_horde,
          minmay_the_grid_octo_pinwheel, minmay_the_grid_octo_fat_diamond,
          minmay_the_grid_octo_prize_square_snowflake], layout_rooms,
          grunt_dithmenos_shadows, kennysheep_cross_room
D:11:     layout_cross, orc_0_dummy, gauntlet_entry_generic
D:12:     minmay_expanding_circles, layout_loops_corners, special_room
          [special_room_bee], serial_shops, nicolae_shop_waterfront
D:13:     layout_cave_pods, erik_vaults_1, uniq_snorg, uniq_kirke
D:14:     layout_irregular_city, uniq_rupert, uniq_lodul, uniq_frances
D:15:     hangedman_depths_entry_try_elsewhere_first, layout_layer_cave,
          nemelex_lonely_heart_becter, serial_rivers,
          chequers_serial_rivers_micro_e, chequers_serial_rivers_large_b,
          chequers_serial_rivers_micro_d, chequers_serial_rivers_large_a,
          chequers_serial_rivers_micro_e
Temple:   nicolae_temple_god_jail
Lair:1:   layout_loops_ring, cheibrodos_lair_caveside_slide,
          nicolae_quartered_pool_super, uniq_gastronok
Lair:2:   layout_loops_ring, shoals_dummy_entry,
          hellmonk_spider_entry_life_and_decay
Lair:3:   nzn_winding_woodlands_huge [nzn_winding_woodlands_5x15_zeroes,
          nzn_winding_woodlands_5x15_default, nzn_winding_woodlands_5x15_cabin,
          nzn_winding_woodlands_5x15_pathside_ponds,
          nzn_winding_woodlands_5x15_sawtooth,
          nzn_winding_woodlands_5x15_garden, nzn_winding_woodlands_5x15_pockets,
          nzn_winding_woodlands_5x15_default,
          nzn_winding_woodlands_5x15_longhouse,
          nzn_winding_woodlands_5x15_split_checker,
          nzn_winding_woodlands_center_pierced_h,
          nzn_winding_woodlands_center_garden,
          nzn_winding_woodlands_15x15_thick_spiral], layout_big_grid,
          minmay_holes
Lair:4:   layout_hall_layers, nicolae_slime_entry_field_trip,
          roderic_carrion_pond, grunt_megastairs_1, uniq_urug
Lair:5:   minmay_lair_end_frog_pond, layout_misc_corridors,
          grunt_forest_large_clearings
Shoals:1: layout_shoals, portal_ice_cave_entry_frozen_things,
          gammafunk_ghost_necromancy, nicolae_shoals_beach_cooler, uniq_roxanne
Shoals:2: layout_shoals, serial_shops, nicolae_take_the_stairs,
          nicolae_shop_advertising_works [nicolae_subvault_shop_adworks],
          nicolae_shop_behind_doors, nicolae_shop_hallway_stairs,
          nicolae_shop_overgrown_old_shop, nicolae_shoals_square_sea_wall,
          uniq_polyphemus
Shoals:3: layout_shoals, nicolae_island_escapes, uniq_ilsuiw
Shoals:4: shoals_end_hellmonk_lost_city, serial_shops, uniq_mlioglotl
Spider:1: nicolae_spider_mines_2
Spider:2: layout_spider_delve
Spider:3: layout_chambers, uniq_arachne, uniq_nikola
Spider:4: floodkiller_spider_rune_tomb, drop_trap,
          nicolae_spider_solar_radiation
Orc:1:    layout_caves, gammafunk_ghost_grave, serial_shops, shop, elf_legates
Orc:2:    st_orc_rangers, layout_caves, uniq_saint_roka

Skill      XL: |  1  2  3  4  5  6  7  8  9 10 11 12 13 14 15 16 17 18 |
---------------+-------------------------------------------------------+-----
Dodging        | 1 2 6 8 |  8.0
Throwing       | 2 3 6 |  6.1
Stealth        | 5 6 8 10 12 14 | 14.0
Fighting       | 2 3 6 8 10 12 14 | 14.0
Short Blades   | 2 3 5 6 9 10 | 10.0
Invocations    | 6 8 10 12 | 12.0
Spellcasting   | 5 10 | 10.0
Evocations     | 6 10 | 10.0
Armour         | 6 8 |  8.0
Necromancy     | 8 9 |  9.5
Shields        | 5 8 |  8.9
Air Magic      | 4 |  4.8

Action                   |  1- 3 |  4- 6 |  7- 9 | 10-12 | 13-15 | 16-18 || total
-------------------------+-------+-------+-------+-------+-------+-------++-------
Melee: Dagger            |    56 |    89 |    56 |       |       |       ||   201
       Bite              |    14 |    21 |   135 |   257 |   543 |   717 ||  1687
       Punch             |     1 |       |     4 |    10 |    24 |    16 ||    55
       Short sword       |       |       |   354 |   690 |  1205 |  1620 ||  3869
       Headbutt          |       |       |       |   130 |   371 |   508 ||  1009
Throw: Dart              |    11 |    24 |    64 |    11 |    33 |    94 ||   237
       Javelin           |       |       |       |       |     1 |     5 ||     6
 Cast: Dispel Undead     |       |       |       |       |       |     5 ||     5
Invok: Grand Finale      |       |       |       |       |     3 |     2 ||     5
Evoke: Wand              |       |     4 |     5 |     8 |    27 |    22 ||    66
       Lightning rod     |       |       |       |     5 |    12 |     4 ||    21
       Condenser vane    |       |       |       |       |     2 |     3 ||     5
       Phantom mirror    |       |       |       |       |     1 |       ||     1
       Piece from Xom's  |       |       |       |       |     1 |       ||     1
       Tin of tremorston |       |       |       |       |       |     3 ||     3
  Use: Scroll            |       |     4 |     9 |    11 |    19 |     9 ||    52
       Potion            |       |       |     1 |     4 |     3 |     5 ||    13
 Stab: Sleeping          |     4 |     8 |    17 |    16 |    15 |    46 ||   106
       Distracted        |       |     1 |       |       |     3 |     9 ||    13
       Paralysed         |       |       |     3 |    27 |    74 |    96 ||   200
       Petrified         |       |       |       |       |     1 |       ||     1
Armor: Robe              |     8 |    52 |   105 |    83 |    92 |       ||   340
       Skin              |       |       |       |     6 |       |       ||     6
       Ring mail         |       |       |       |       |   117 |   311 ||   428
Dodge: Dodged            |    24 |    70 |   164 |   206 |   472 |   896 ||  1832
Block: Buckler           |       |       |       |       |       |   105 ||   105
       Kite shield       |       |       |       |       |       |   150 ||   150

Table legend: (Time is in decaauts)
 A = Elapsed time spent in this place.
 B = Non-inter-level travel time spent in this place.
 C = Inter-level travel time spent in this place.
 D = Time resting spent in this place.
 E = Time spent auto-exploring this place.
 F = Levels seen in this place.
 G = Mean time per level.
                   A        B        C        D        E       F      G
               +--------+--------+--------+--------+--------+-----+--------+
         Total |  34237 |  31800 |   2437 |   7046 |  15226 |  33 | 1037.5 |
       Dungeon |  14331 |  13248 |   1083 |   1711 |   8150 |  15 |  955.4 |
        Temple |    304 |    297 |      7 |    230 |      9 |   1 |  304.0 |
          Lair |   7127 |   6312 |    815 |   1731 |   2957 |   5 | 1425.4 |
        Shoals |   2663 |   2588 |     75 |    428 |    982 |   4 |  665.8 |
   Spider Nest |   5259 |   4878 |    381 |    938 |   2308 |   4 | 1314.8 |
  Orcish Mines |   2357 |   2283 |     74 |    667 |    819 |   2 | 1178.5 |
      Ice Cave |   1287 |   1287 |      0 |    834 |      0 |   1 | 1287.0 |
      Gauntlet |    906 |    906 |      0 |    507 |      0 |   1 |  906.0 |
               +--------+--------+--------+--------+--------+-----+--------+

Top non-repeatable levels by time:
  Lair:3: 2486 daAuts
Spider:4: 1890 daAuts
   Orc:2: 1704 daAuts
    D:15: 1418 daAuts
    D:13: 1380 daAuts
Shoals:1: 1322 daAuts
   IceCv: 1287 daAuts
Spider:3: 1283 daAuts
    D:12: 1274 daAuts
  Lair:5: 1229 daAuts
  Lair:1: 1165 daAuts
  Lair:2: 1147 daAuts
     D:5: 1143 daAuts
  Lair:4: 1098 daAuts
     D:7: 1092 daAuts
